 Dungeon Crawl Stone Soup version 0.26.0-15-gc6cd9f7 (webtiles) character file.

Game seed: 4558235461849051027

0 Nagaphobic the Grasshopper (level 1, 0/19 HPs)
             Began as a Naga Warper on Jan 23, 2021.
             Slain by a jackal (2 damage)
             ... on level 1 of the Dungeon.
             The game lasted 00:00:15 (24 turns).

Nagaphobic the Grasshopper (Naga Warper)              Turns: 24, Time: 00:00:15

Health: 0/19       AC:  1    Str: 13    XL:     1   Next: 10%
Magic:  3/3        EV:  9    Int: 13    God:
Gold:   0          SH:  0    Dex: 10    Spells: 4/4 levels left

rFire    . . .     SeeInvis +   a - +0 hand axe
rCold    . . .     Faith    .   (no shield)
rNeg     . . .     Spirit   .   b - +0 leather armour
rPois    +         Reflect  .   (no helmet)
rElec    .         Harm     .   (no cloak)
rCorr    .         Rampage  .   (no gloves)
Will     .....                  (no barding)
Stlth    +.........             (no amulet)
HPRegen  0.06/turn              (no ring)
MPRegen  0.08/turn              (no ring)

@: very slow
A: large, see invisible, deformed body, poison resistance, slowness 2, spit
poison 1, AC +0
a: Spit Poison


You were on level 1 of the Dungeon.
You visited 1 branch of the dungeon, and saw 1 of its levels.

Inventory:

Hand Weapons
 a - a +0 hand axe (weapon)
Missiles
 e - 5 boomerangs of dispersal (quivered) {!f}
Armour
 b - a +0 leather armour (worn)
Scrolls
 d - a scroll of blinking
Potions
 c - 2 potions of curing {unknown}


   Skills:
 + Level 2.0 Fighting
 * Level 2.0 Axes
 - Level 0.8 Throwing
 + Level 0.7 Armour
 - Level 1.5 Dodging
 + Level 2.0 Spellcasting
 + Level 3.0 Translocations


You had 4 spell levels left.
You didn't know any spells.
Your spell library contained the following spells:

 Spells                   Type           Power        Failure   Level
 Blink                    Tloc           N/A          14%         2
 Gell's Gravitas          Tloc           4%           28%         3
 Lesser Beckoning         Tloc           4%           28%         3
 Teleport Other           Tloc           9%           28%         3
 Passage of Golubria      Tloc           N/A          67%         4


Dungeon Overview and Level Annotations

Branches:
Dungeon (1/15)

Altars:


Innate Abilities, Weirdness & Mutations

You cannot wear boots.
Your serpentine skin is tough. (AC +0)
You have supernaturally acute eyesight. (SInv)
Armour fits poorly on your strangely shaped body.
Your system is resistant to poisons. (rPois)
You cover ground very slowly.
You can spit poison.


Message History

Options error: Bad channel -- pray (~/.crawlrc:4441) Options error: Bad channel -- food (~/.crawlrc:4444) Options error: Bad channel -- rotten_meat (~/.crawlrc:4461) Welcome, Nagaphobic the Naga Warper.
The bosom of this dungeon contains the awesome artefact, the Orb of Zot.
Found five deep dwarf skeletons and 2 fuming golden potions.
Found a staircase leading out of the dungeon.
c - 2 fuming golden potions You see here a deep dwarf skeleton.
Found a scroll labelled ESU BORESUMAO.
A ball python comes into view.
Found a leather armour.
You hit the ball python.
You kill the ball python!
A jackal comes into view.
Found a kite shield. 2 jackals come into view.
The jackal barks! x3
Found a scroll labelled VATEKK EZXE.
You barely miss the jackal.
The jackal bites you but does no damage.
The jackal barely misses you.
You closely miss the jackal. x2; The jackal bites you. x2
The jackal closely misses you. The jackal bites you.
You hit the jackal but do no damage. You closely miss the jackal.
The jackal barely misses you. The jackal bites you.
The jackal closely misses you.
A rat comes into view.
You hit the jackal but do no damage. x2; You hit the jackal.
The jackal barely misses you.
The jackal bites you but does no damage.
The jackal bites you.
* * * LOW HITPOINT WARNING * * *
The jackal bites you.
* * * LOW HITPOINT WARNING * * *
The jackal bites you.
* * * LOW HITPOINT WARNING * * *
The jackal bites you.
* * * LOW HITPOINT WARNING * * *
The jackal barely misses you. x2; The jackal bites you.
* * * LOW HITPOINT WARNING * * *
You closely miss the jackal. You hit the jackal but do no damage.
You barely miss the jackal. The jackal bites you.
* * * LOW HITPOINT WARNING * * *
The jackal bites you.
You die...

#. ....?....
#.#+##.....[..
########.............
#......#........[....
#..##..#.............
#÷.##..#. ...........
##......#.###.h?..r...
###..÷....#....@h.......
##.÷..÷....##....h.......
......###..............##
÷...### ##.....†.......#
<...# #######.......#
#....# ........# #.....#
.........# ###.....
..........# ###...#
.......


You could see 3 jackals and a rat.

Vanquished Creatures
  A ball python (D:1)
1 creature vanquished.

Notes
Turn   | Place    | Note
-------+----------+-------------------------------------------
     0 | D:1      | Nagaphobic the Naga Warper began the quest for the Orb.
     0 | D:1      | Reached XP level 1. HP: 19/19 MP: 3/3
    24 | D:1      | Slain by a jackal

Illustrated notes

Levels and vault maps discovered:
D:1:      amcnicky_arrival_wind_blow, layout_basic

Action                   || total
-------------------------++-------
Melee: Hand axe          ||     6
Armor: Leather armour    ||     2
Dodge: Dodged            ||     7
